Map: [ESL] Cosmic Sapphire

Players

Ranger - Winner!

  • Race: Protoss Protoss
  • Spawn Location: 5:00

NXZ

  • Race: Zerg Zerg
  • Spawn Location: 11:00

Event: DreamHack SC2 Masters 2022 Atlanta (Online)

VOD

Have the link to the VOD?

Description

Time

  • Played on: Sept. 28, 2022, 4:43 a.m.
  • Length: 19:23

All games in this series

Show
View Real Time Build Order
Export as new Build Order

Ranger Protoss - Winner!

Build Orders: 1 Gate Expand, Oracle Opening, Carriers 

Get SALT Encoding   

  12  0:00  Probe  
  13  0:12  Probe  
  14  0:20  Pylon  
  14  0:24  Probe  
  15  0:38  Gateway, Probe (Chrono Boost)  
  16  0:46  Probe (Chrono Boost)  
  16  0:47  Assimilator  
  17  0:52  Probe  
  18  1:04  Probe  
  19  1:16  Probe  
  20  1:25  Nexus  
  20  1:36  Cybernetics Core  
  20  1:38  Probe  
  21  1:42  Assimilator  
  21  1:50  Probe  
  21  1:53  Pylon  
  22  2:02  Probe  
  23  2:09  Stalker (Chrono Boost)  
  23  2:14  Probe  
  26  2:25  Stargate  
  26  2:28  Probe (Chrono Boost)  
  27  2:30  Adept (Chrono Boost)  
  29  2:37  Probe (Chrono Boost)  
  29  2:42  Warp Gate  
  31  2:45  Probe (Chrono Boost)  
  31  2:46  Probe (Chrono Boost)  
  33  2:51  Probe x2  
  33  2:52  Adept  
  36  3:02  Gateway  
  36  3:03  Probe  
  37  3:06  Probe  
  37  3:11  Oracle (Chrono Boost)  
  38  3:15  Probe  
  42  3:22  Probe  
  43  3:27  Probe  
  43  3:28  Adept  
  43  3:30  Pylon  
  46  3:36  Twilight Council  
  46  3:40  Gateway  
  46  3:45  Gateway  
  46  3:49  Probe  
  46  3:53  Probe  
  48  4:07  Resonating Glaives (Chrono Boost)  
  48  4:11  Probe  
  48  4:12  Probe  
  46  4:23  Probe  
  47  4:28  Nexus  
  47  4:29  Pylon  
  47  4:35  Adept  
  47  4:36  Adept x2  
  53  4:44  Probe  
  54  4:47  Probe, Pylon  
  54  4:49  Shield Battery, Gateway  
  54  4:51  Pylon  
  55  4:54  Adept  
  57  5:00  Adept x2  
  61  5:07  Adept  
  61  5:12  Probe, Pylon  
  61  5:13  Probe  
  65  5:17  Adept, Robotics Facility  
  67  5:21  Adept  
  67  5:22  Assimilator  
  67  5:23  Adept  
  67  5:24  Probe  
  69  5:29  Probe  
  70  5:36  Probe  
  70  5:38  Assimilator  
  70  5:41  Probe  
  70  5:49  Probe  
  71  5:53  Robotics Facility  
  63  6:02  Probe  
  58  6:05  Probe  
  58  6:08  Adept x4  
  58  6:09  Robotics Bay, Probe (Chrono Boost)  
  64  6:14  Probe (Chrono Boost)  
  64  6:17  Probe (Chrono Boost)  
  64  6:24  Immortal (Chrono Boost), Probe (Chrono Boost)  
  64  6:25  Void Ray  
  73  6:29  Gateway, Probe x2 (Chrono Boost)  
  73  6:30  Gateway  
  73  6:32  Probe  
  75  6:33  Sentry  
  75  6:38  Probe  
  75  6:39  Assimilator  
  79  6:40  Assimilator  
  79  6:41  Probe  
  79  6:46  Shield Battery, Stalker  
  82  6:47  Sentry  
  82  6:50  Zealot  
  86  6:55  Immortal (Chrono Boost)  
  89  7:07  Stalker  
  88  7:09  Stalker  
  88  7:11  Probe  
  88  7:12  Probe  
  88  7:13  Probe  
  93  7:21  Disruptor (Chrono Boost), Adept x2  
  93  7:23  Warp Prism (Chrono Boost), Probe  
  99  7:31  Adept  
  101  7:37  Shield Battery  
  101  7:43  Forge  
  101  7:45  Pylon  
  101  7:52  Blink (Chrono Boost), Pylon  
  101  7:54  Probe  
  101  8:06  Nexus  
  101  8:10  Disruptor, Probe x3  
  107  8:18  Protoss Ground Weapons Level 1 (Chrono Boost)  
  107  8:22  Probe x2  
  109  8:32  Photon Cannon  
  109  8:34  Pylon  
  109  8:36  Photon Cannon  
  109  8:43  Pylon  
  109  8:50  Disruptor (Chrono Boost), Immortal (Chrono Boost)  
  109  8:51  Pylon  
  109  8:52  Probe  
  109  8:53  Photon Cannon  
  109  8:55  Shield Battery  
  117  8:56  Pylon  
  117  8:58  Templar Archives  
  117  9:00  Probe  
  116  9:04  Adept  
  116  9:06  Adept  
  120  9:12  Stalker  
  120  9:16  Shield Battery  
  122  9:17  Disruptor (Chrono Boost)  
  122  9:19  Photon Cannon  
  122  9:21  Disruptor (Chrono Boost)  
  123  9:35  Stalker x3  
  123  9:39  High Templar x2  
  127  9:45  Archon  
  127  9:46  Zealot  
  127  9:49  Disruptor (Chrono Boost)  
  127  9:51  Disruptor (Chrono Boost), Gateway, Psionic Storm  
  135  9:53  Probe, Gateway  
  135  9:55  Gateway  
  135  9:59  Sentry x2  
  140  10:01  Zealot  
  140  10:06  Zealot x2  
  146  10:10  Charge (Chrono Boost)  
  144  10:16  Zealot x2  
  148  10:23  Disruptor x2 (Chrono Boost)  
  140  10:39  Protoss Ground Weapons Level 2 (Chrono Boost)  
  140  10:43  Zealot x7  
  150  11:01  Zealot x3  
  150  11:03  High Templar  
  150  11:04  Zealot x4, High Templar x2  
  156  11:15  Assimilator  
  156  11:17  Assimilator  
  156  11:18  Gateway  
  156  11:21  Gateway  
  156  11:22  Photon Cannon  
  156  11:24  Pylon  
  156  11:25  Photon Cannon, Pylon  
  156  11:27  Pylon  
  156  11:29  Pylon  
  156  11:42  Immortal, Probe x4  
  156  11:43  Immortal  
  156  11:45  Zealot x5  
  174  11:56  Zealot x3  
  174  11:57  Zealot x2  
  170  12:19  Stargate  
  162  12:26  Protoss Air Weapons Level 1 (Chrono Boost), Fleet Beacon  
  158  12:33  Nexus  
  158  12:36  Pylon  
  158  12:37  Pylon  
  158  12:40  Pylon  
  139  12:59  Zealot x3  
  139  13:00  Zealot x4  
  151  13:07  Stalker x5  
  151  13:08  Disruptor  
  151  13:09  Immortal  
  160  13:13  Probe  
  160  13:14  Probe x3  
  155  13:28  Carrier (Chrono Boost)  
  155  13:29  Zealot x7  
  175  13:44  Observer  
  175  13:48  Observer  
  165  13:52  Zealot x9  
  177  13:57  Carrier (Chrono Boost)  
  186  14:05  Stargate  
  186  14:06  Probe x3  
  186  14:11  Protoss Ground Weapons Level 3 (Chrono Boost)  
  184  14:23  Carrier (Chrono Boost)  
  176  14:33  Zealot x4  
  165  14:41  Photon Cannon  
  165  14:43  Photon Cannon  
  163  14:47  Carrier (Chrono Boost)  
  163  14:49  Pylon  
  157  14:58  Archon  
  141  15:03  Zealot x11  
  160  15:13  Assimilator  
  160  15:17  Assimilator  
  160  15:18  Probe  
  160  15:20  Probe  
  162  15:21  Probe  
  162  15:26  High Templar  
  162  15:27  High Templar x10  
  183  15:31  Protoss Air Weapons Level 2 (Chrono Boost)  
  183  15:45  Disruptor x2 (Chrono Boost)  
  172  16:09  Archon  
  172  16:10  Archon x2  
  168  16:13  Carrier (Chrono Boost)  
  168  16:14  Zealot x2, High Templar x2  
  168  16:15  Zealot x6  
  168  16:16  Zealot  
  186  16:19  Archon  
  190  16:35  Nexus, Photon Cannon, Pylon  
  190  16:36  Zealot x6  
  190  16:37  Shield Battery  
  193  16:46  Carrier (Chrono Boost)  
  189  16:58  Nexus  
  189  16:59  Probe x2  
  191  17:04  Protoss Shields Level 1 (Chrono Boost)  
  191  17:11  Carrier (Chrono Boost)  
  195  17:21  Dark Shrine  
  193  17:28  High Templar x2  
  195  17:30  Photon Cannon  
  189  17:38  Carrier (Chrono Boost)  
  185  17:59  Zealot x6  
  185  18:05  Oracle (Chrono Boost)  
  195  18:07  Observer  
  197  18:16  Unknown  
  191  18:25  Disruptor  
  192  18:28  Disruptor  
  192  18:29  Archon  
  189  18:46  Zealot x6  
Show
View Real Time Build Order
Export as new Build Order

NXZ Zerg 

Build Orders: Hatch First, Roach Hydra 

Get SALT Encoding   

  12  0:00  Drone  
  13  0:12  Overlord  
  13  0:16  Drone  
  14  0:30  Drone x2  
  16  0:48  Hatchery  
  15  0:51  Drone  
  15  0:54  Drone  
  17  0:58  Drone  
  18  1:09  Extractor  
  17  1:13  Spawning Pool  
  17  1:16  Drone  
  17  1:20  Drone  
  18  1:27  Drone  
  19  1:38  Drone  
  20  1:49  Overlord  
  20  2:00  Queen  
  20  2:01  Zergling x4, Queen  
  26  2:10  Drone  
  26  2:11  Drone  
  28  2:17  Metabolic Boost  
  28  2:21  Drone  
  28  2:22  Drone  
  30  2:34  Hatchery  
  30  2:36  Drone  
  30  2:40  Drone  
  30  2:43  Drone  
  32  2:45  Overlord  
  32  2:51  Queen  
  32  2:57  Drone x2  
  36  3:04  Queen  
  38  3:06  Overlord  
  38  3:10  Drone x2  
  38  3:12  Drone  
  41  3:15  Zergling x2  
  41  3:16  Drone  
  41  3:18  Zergling x2  
  44  3:26  Overlord  
  44  3:27  Queen  
  44  3:29  Zergling x2  
  44  3:32  Spore Crawler  
  46  3:37  Zergling x2  
  47  3:42  Drone x5  
  47  3:44  Drone  
  53  3:51  Roach Warren  
  53  3:52  Drone  
  53  3:57  Overlord  
  50  4:10  Drone x5  
  50  4:13  Drone x5  
  59  4:19  Drone x3  
  59  4:23  Drone  
  63  4:25  Evolution Chamber  
  60  4:34  Spore Crawler  
  60  4:35  Spore Crawler, Lair  
  60  4:37  Drone x3  
  59  4:40  Extractor  
  57  4:48  Drone x2  
  57  4:49  Drone x2  
  57  4:50  Roach x3  
  67  4:55  Roach x2  
  67  4:58  Roach  
  67  4:59  Drone, Extractor  
  73  5:00  Drone  
  73  5:04  Overlord  
  73  5:06  Overlord  
  74  5:09  Overlord  
  74  5:28  Roach x6  
  86  5:30  Zergling x8  
  89  5:37  Evolution Chamber  
  87  5:49  Roach x2  
  89  5:50  Zergling x2  
  89  5:53  Overlord x2  
  86  6:00  Glial Reconstitution  
  84  6:10  Drone x3  
  87  6:17  Drone x3  
  87  6:19  Extractor  
  87  6:20  Drone, Extractor  
  87  6:21  Drone  
  87  6:23  Drone  
  88  6:30  Drone x2  
  88  6:31  Drone  
  88  6:32  Hatchery  
  90  6:33  Zerg Missile Weapons Level 1  
  90  6:36  Drone  
  90  6:37  Drone x2  
  93  6:46  Roach x2  
  95  6:55  Zergling x16  
  95  6:59  Roach  
  105  7:10  Extractor  
  105  7:11  Hydralisk Den, Drone x5  
  104  7:22  Drone x3  
  92  7:25  Drone x3  
  92  7:26  Drone x3  
  92  7:29  Zerg Ground Armor Level 1  
  98  7:41  Overlord x2  
  98  7:43  Grooved Spines  
  98  7:44  Hydralisk x4  
  98  7:47  Zergling x4  
  107  7:56  Hydralisk x2  
  111  8:00  Overlord x2  
  111  8:01  Hydralisk x2  
  113  8:06  Drone x2  
  113  8:07  Infestation Pit, Drone  
  113  8:09  Drone x2  
  117  8:17  Hydralisk x3  
  123  8:29  Roach x5  
  133  8:42  Zergling x22  
  133  8:46  Hive  
  144  8:53  Overseer  
  144  8:55  Muscular Augments  
  144  8:57  Overlord  
  144  9:00  Drone  
  144  9:01  Spore Crawler, Overlord x3  
  144  9:02  Lurker Den  
  142  9:10  Overseer  
  139  9:33  Drone x2  
  139  9:41  Drone x4  
  139  9:43  Drone x3, Extractor  
  139  9:44  Drone x2, Extractor  
  139  9:45  Drone  
  147  9:46  Roach x8  
  147  9:48  Ravager x2  
  147  9:49  Ravager x3  
  147  9:50  Overseer  
  168  9:52  Overlord  
  168  10:00  Overlord x3  
  168  10:01  Seismic Spines, Overlord  
  168  10:04  Hatchery  
  166  10:10  Ravager  
  167  10:18  Roach  
  167  10:19  Roach x10  
  172  10:35  Roach  
  172  10:36  Roach x13  
  184  10:43  Viper  
  184  10:44  Viper  
  184  10:47  Lurker x2  
  184  10:49  Zergling x8  
  194  10:59  Zerg Missile Weapons Level 2  
  194  11:02  Ravager  
  194  11:03  Lurker  
  189  11:05  Zergling x12  
  189  11:11  Roach x2, Hatchery  
  191  11:30  Hydralisk x5  
  195  11:55  Hydralisk  
  195  11:56  Hydralisk x10  
  194  12:15  Hatchery  
  187  12:19  Drone x3  
  187  12:20  Drone  
  187  12:22  Drone x4  
  189  12:26  Roach x6  
  200  12:30  Zerg Ground Armor Level 2  
  200  12:33  Adaptive Talons  
  190  12:56  Roach  
  190  12:57  Roach x5  
  192  13:06  Roach x4  
  172  13:27  Roach x13  
  170  13:51  Hydralisk x9  
  170  13:52  Hydralisk x7  
  170  13:53  Hatchery  
  163  13:56  Hydralisk x2  
  163  14:03  Ravager x6  
  163  14:04  Hydralisk x5  
  178  14:11  Zergling x16  
  156  14:19  Hydralisk x3  
  143  14:33  Zergling x2  
  143  14:34  Zergling x18  
  144  14:38  Zerg Missile Weapons Level 3  
  144  14:40  Hydralisk  
  144  14:41  Hydralisk, Drone  
  145  14:49  Roach x3  
  141  14:58  Hydralisk x3  
  115  15:11  Hydralisk x2  
  115  15:12  Hydralisk  
  121  15:23  Hydralisk x3  
  121  15:26  Hatchery  
  124  15:29  Hydralisk x2  
  128  15:48  Lurker x7  
  133  15:51  Hydralisk  
  135  16:07  Hydralisk x4  
  144  16:14  Hatchery  
  143  16:22  Hydralisk x4  
  143  16:23  Hydralisk  
  120  16:48  Hydralisk x6  
  120  16:52  Hydralisk  
  111  17:06  Hydralisk x4  
  119  17:15  Hydralisk  
  119  17:16  Hydralisk  
  119  17:21  Hydralisk  
  119  17:22  Hydralisk  
  127  17:31  Hydralisk x2  
  127  17:34  Zergling x22  
  140  17:41  Hydralisk  
  144  17:47  Hydralisk  
  137  17:52  Hydralisk  
  137  17:55  Zergling x10  
  122  18:05  Hydralisk x3  
  115  18:19  Hydralisk  
  108  18:20  Hydralisk x3  
  110  18:30  Hydralisk x2  
  110  18:41  Hydralisk  
  110  18:47  Hydralisk  
Tags
 
Add a new tag
Caveats
  • Supply blocks, unpowered buildings, or Contaminate may cause inaccurate times.
  • Supply counts are checked every 10 seconds.